 Dungeon Crawl Stone Soup version 0.26-a0-812-g31a745ddcd (webtiles) character file.

Game seed: 7292946918099993578

17393 Kuinu the Fighter (level 12, -3/115 HPs)
             Began as a Minotaur Berserker on Nov 17, 2020.
             Was a High Priest of Trog.
             Slain by a wyvern zombie (10 damage)
             ... on level 11 of the Dungeon.
             The game lasted 00:22:53 (10851 turns).

Kuinu the Fighter (Minotaur Berserker)             Turns: 10851, Time: 00:22:54

Health: -3/115     AC: 18    Str: 26    XL:     12   Next: 18%
Magic:  11/11      EV: 10    Int:  4    God:    Trog [*****.]
Gold:   584        SH:  7    Dex: 11    Spells: 11/11 levels left

rFire    + . .     SeeInvis .   M - +9 short sword "Grim Tooth" {freeze, rElec rF+ rN+}
rCold    . . .     Faith    .   g - +2 buckler
rNeg     + + .     Spirit   .   v - +0 plate armour
rPois    +         Reflect  .   (helmet restricted)
rElec    +         Harm     .   y - +0 cloak
rCorr    .         Rampage  .   (no gloves)
MR       .....                  f - +1 pair of boots
Stlth    ..........             (no amulet)
HPRegen  0.29/turn              k - ring of poison resistance
MPRegen  0.12/turn              J - ring of positive energy

@: very slightly contaminated, slowed, invisible, very slow
A: retaliatory headbutt, horns 2
a: Berserk, Trog's Hand, Brothers in Arms, Renounce Religion


You were on level 11 of the Dungeon.
You worshipped Trog.
Trog was extremely pleased with you.
You visited 1 branch of the dungeon, and saw 11 of its levels.

You collected 584 gold pieces.

Inventory:

Hand Weapons
 M - the +9 short sword "Grim Tooth" (weapon) {freeze, rElec rF+ rN+}
   (You took it off a deep elf mage on level 10 of the Dungeon)

   It has been specially enchanted to freeze those struck by it, causing extra
   injury to most foes and up to half again as much damage against particularly
   susceptible opponents.
   It can also slow down cold-blooded creatures.
   It protects you from fire.
   It insulates you from electricity.
   It protects you from negative energy.
 N - a +0 war axe
 Q - a +0 battleaxe
Armour
 f - a +1 pair of boots (worn)
 g - a +2 buckler (worn)
 h - a +2 leather armour of fire resistance
 t - a +3 leather armour of cold resistance
 v - a +0 plate armour (worn)
 y - a +0 cloak (worn)
Jewellery
 k - a ring of poison resistance (left hand)
 J - a ring of positive energy (right hand)
 O - an uncursed ring of protection from cold
Wands
 i - a wand of paralysis (10)
 s - a wand of acid (17)
 z - a wand of random effects (52)
 B - a wand of iceblast (16)
 F - a wand of flame (19)
 H - a wand of digging (5)
Scrolls
 c - a scroll of fear
 d - a scroll of amnesia
 e - 2 scrolls of remove curse
 m - a scroll of random uselessness {unknown}
 p - 3 scrolls of teleportation
 w - 2 scrolls of magic mapping
 D - 8 scrolls of identify
 K - a scroll of noise {unknown}
 L - a scroll of torment {unknown}
Potions
 a - a potion of magic {unknown}
 b - a potion of might
 j - 2 potions of lignification
 l - a potion of cancellation
 n - 2 potions of mutation
 q - 3 potions of degeneration
 r - 2 potions of attraction
 u - a potion of berserk rage
 x - a potion of experience {unknown}
 C - a potion of flight
 E - 2 potions of heal wounds {unknown}
 G - 2 potions of brilliance {unknown}
 P - a potion of ambrosia {unknown}


   Skills:
 * Level 13.6 Fighting
 * Level 13.6 Axes
 + Level 9.9 Armour
 + Level 7.4 Dodging
 + Level 7.6 Shields


You had 11 spell levels left.
You didn't know any spells.
Your spell library was empty.

Dungeon Overview and Level Annotations

Branches:
Dungeon (11/15)            Temple (0/1) D:7            Lair (0/6) D:8
    Orc (0/2) D:9

Altars:
Ashenzari
Elyvilon
Ru
Sif Muna
Uskayaw
Wu Jian
Xom
Zin
The Shining One
Beogh

Shops:
D:7 !   D:10 :


Innate Abilities, Weirdness & Mutations

You reflexively headbutt those who attack you in melee.
You have a pair of horns on your head.


Message History

You feel the effects of Trog's Hand fading.
The shadow hits you. The wyvern zombie barely misses you.
The shadow slips into darkness.
The shadow flickers and vanishes!
Deactivating autopickup; reactivate with Ctrl-A.
Things that are here:
a +4 spear of freezing; a cursed +0 robe Your skin stops crawling.
You feel less resistant to hostile enchantments.
The shadow strikes at you from the darkness!
* * * LOW HITPOINT WARNING * * *
Reactivating autopickup.
You fade into invisibility!
The shadow hits you. x2
* * * LOW HITPOINT WARNING * * *
You block the wyvern zombie's attack.
You are very lightly contaminated with residual magic.
You recover from your berserk rage.
The wyvern zombie bites you!
You die...

.....##################)#########
.....# #.#
.....##################.#
........................#####
........(.....................
.......(.#########))#########...
......(..#########W.#########..#
....((...........Z).............
..).............@.......).......
..................).........####
#############..###########..#
#..###### ..#
#############......... ...
...................... ....
...................... .^..
...############.###### #...
...)....... .#


You could see a shadow and a wyvern zombie.

Vanquished Creatures
  Josephine (D:11)
  Harold (D:9)
  Erica (D:11)
  3 two-headed ogres
  6 death yaks (D:8)
  An ugly thing (D:11)
  A deep elf mage (D:10)
  A troll (D:11)
  9 yaks
  A vampire (D:9)
  5 wraiths (D:11)
  2 chaos spawn (D:9)
  2 water moccasins
  A black bear (D:6)
  6 orc warriors
  2 ice beasts
  3 phantoms
  A necrophage (D:7)
  4 centaurs
  6 ogres
  5 bullfrogs
  3 big kobolds
  2 scorpions
  5 killer bees (D:9)
  A howler monkey (D:10)
  14 wights
  An electric eel (D:10)
  A bullfrog zombie (D:7)
  5 hounds
  2 quasits
  5 jellies
  10 orc priests
  4 bullfrog skeletons
  4 orc wizards
  Ijyb (D:3)
  Jessica (D:2)
  2 iguanas (D:6)
  7 worker ants
  3 hound zombies
  A hound skeleton (D:7)
  2 worker ant zombies
  Robin (D:4)
  13 adders
  A howler monkey skeleton (D:4)
  5 shadow imps
  2 white imps
  2 ufetubi (D:6)
  3 worms
  5 dart slugs
  4 leopard geckos
  46 orcs
  7 giant cockroaches
  21 goblins
  11 hobgoblins
  9 jackals
  11 quokkas
  2 ball pythons
  7 bats
  4 frilled lizards
  A jackal skeleton (D:6)
  28 kobolds
  A leopard gecko skeleton (D:4)
  2 quokka skeletons
  6 rats
328 creatures vanquished.

Vanquished Creatures (collateral kills)
  A hydra (D:11)
  Erolcha (D:11)
  A centaur skeleton (D:11)
  An orc warrior (D:11)
  An orc priest (D:11)
  An adder (D:11)
6 creatures vanquished.

Vanquished Creatures (others)
  3 plants (D:3)
3 creatures vanquished.

Grand Total: 337 creatures vanquished

Notes
Turn   | Place    | Note
-------+----------+-------------------------------------------
     0 | D:1      | Kuinu the Minotaur Berserker began the quest for the Orb.
     0 | D:1      | Reached XP level 1. HP: 19/19 MP: 0/0
   167 | D:1      | Reached XP level 2. HP: 14/27 MP: 1/1
   693 | D:1      | Reached XP level 3. HP: 29/33 MP: 2/2
   761 | D:1      | Reached ** piety under Trog
  1099 | D:2      | Found a faded altar of an unknown god.
  1115 | D:2      | Noticed Jessica
  1123 | D:2      | Killed Jessica
  1164 | D:2      | Reached XP level 4. HP: 41/41 MP: 3/3
  1519 | D:2      | Reached skill level 5 in Axes
  1551 | D:2      | Reached skill level 5 in Fighting
  1923 | D:3      | Reached XP level 5. HP: 41/48 MP: 4/4
  2116 | D:3      | Reached *** piety under Trog
  2450 | D:3      | Noticed Ijyb
  2484 | D:3      | Killed Ijyb
  2824 | D:4      | Found a broken altar of Ashenzari.
  2874 | D:4      | Noticed Robin
  2898 | D:4      | Killed Robin
  2898 | D:4      | Reached XP level 6. HP: 44/57 MP: 5/5
  3493 | D:5      | Entered Level 5 of the Dungeon
  3586 | D:5      | Reached **** piety under Trog
  3687 | D:5      | Reached XP level 7. HP: 64/64 MP: 6/6
  3774 | D:5      | Found a glowing silver altar of Zin.
  4148 | D:6      | Reached skill level 5 in Armour
  4588 | D:6      | Reached XP level 8. HP: 74/74 MP: 7/7
  5101 | D:6      | Found a glowing golden altar of the Shining One.
  5659 | D:7      | Found a sacrificial altar of Ru.
  5687 | D:7      | Found a staircase to the Ecumenical Temple.
  5709 | D:7      | Reached skill level 1 in Shields
  5844 | D:7      | Reached ***** piety under Trog
  5960 | D:7      | Found Icserphos's Distillery.
  5996 | D:7      | Reached XP level 9. HP: 67/84 MP: 8/8
  6459 | D:7      | Reached skill level 10 in Fighting
  6459 | D:7      | Reached skill level 10 in Axes
  6804 | D:8      | Noticed a death yak
  6805 | D:8      | Noticed a death yak
  6805 | D:8      | Noticed a death yak
  6805 | D:8      | Noticed a death yak
  6806 | D:8      | Noticed a death yak
  6806 | D:8      | Noticed a death yak
  6818 | D:8      | Killed a death yak
  6824 | D:8      | Killed a death yak
  6824 | D:8      | Reached XP level 10. HP: 33/94 MP: 9/9
  7051 | D:8      | Found a roughly hewn altar of Beogh.
  7149 | D:8      | Found a staircase to the Lair.
  7157 | D:8      | Killed a death yak
  7157 | D:8      | Reached skill level 5 in Dodging
  7162 | D:8      | Killed a death yak
  7162 | D:8      | Reached skill level 5 in Shields
  7173 | D:8      | Killed a death yak
  7181 | D:8      | Killed a death yak
  7583 | D:8      | Found a white marble altar of Elyvilon.
  7853 | D:9      | Noticed Harold
  7875 | D:9      | Killed Harold
  7875 | D:9      | Reached XP level 11. HP: 91/104 MP: 10/10
  8313 | D:9      | Found a staircase to the Orcish Mines.
  8355 | D:9      | Found a shimmering blue altar of Sif Muna.
  8407 | D:9      | Found an ornate altar of the Wu Jian Council.
  8470 | D:9      | Found a shimmering altar of Xom.
  8471 | D:9      | Found the +7 mace of Variability {chain chaos}
  8475 | D:9      | Paralysed by a chaos spawn for 3 turns
  9101 | D:9      | Found a hide-covered altar of Uskayaw.
  9186 | D:10     | Entered Level 10 of the Dungeon
  9226 | D:10     | Identified the +9 short sword "Grim Tooth" {freeze, rElec
                  | rF+ rN+}
  9226 | D:10     | Noticed a deep elf mage
  9229 | D:10     | Noticed a two-headed ogre
  9239 | D:10     | Killed a deep elf mage
  9242 | D:10     | Killed a two-headed ogre
  9417 | D:10     | Received a gift from Trog
  9475 | D:10     | Found Ginubop's Book Emporium.
  9852 | D:11     | Noticed a two-headed ogre
  9863 | D:11     | Killed a two-headed ogre
 10237 | D:11     | Noticed Erica
 10256 | D:11     | Killed Erica
 10337 | D:11     | Noticed a cyan ugly thing
 10345 | D:11     | Killed a cyan ugly thing
 10575 | D:11     | Noticed Erolcha
 10576 | D:11     | Noticed a seven-headed hydra
 10581 | D:11     | Killed Erolcha
 10581 | D:11     | Killed a seven-headed hydra
 10629 | D:11     | Reached XP level 12. HP: 85/115 MP: 11/11
 10766 | D:11     | Noticed Josephine
 10770 | D:11     | Noticed a two-headed ogre
 10783 | D:11     | Killed Josephine
 10819 | D:11     | Killed a two-headed ogre
 10840 | D:11     | HP: 3/115 [something (26)]
 10851 | D:11     | Slain by a wyvern zombie

Illustrated notes

Levels and vault maps discovered:
D:1:      minmay_arrival_stair_chambers, layout_loops_ring, grunt_decor_clamped,
          chequers_serial_rivers_micro_c
D:2:      layout_loops_ring, chequers_ecumenical_altar_island,
          minmay_goblin_outpost, uniq_jessica
D:3:      layout_basic, st_stairs_8, serial_bayou_crossing, uniq_ijyb
D:4:      layout_loops_ring, cheibrodos_ashenzari_chains, uniq_robin
D:5:      layout_loops_ring, marbit_many_paths
D:6:      layout_loops_corners, nicolae_tso_swordbearing_angel
D:7:      layout_basic, kennysheep_mini, minmay_temple_entry_mini_moons,
          serial_shops, shop
D:8:      layout_rooms, dpeg_lair_monsters, basic_altar,
          david_defended_altar_orc
D:9:      layout_loops_ring, nicolae_overflow_hidden_temple,
          grunt_temple_overflow_open, special_room [special_room_orc],
          minmay_guarded_unrand_variability, uniq_harold
D:10:     layout_rooms, serial_shops, kennysheep_little_box,
          nicolae_lava_and_water
D:11:     layout_long_grid, grunt_ministairs_10, uniq_erica, uniq_erolcha,
          uniq_josephine, uniq_nergalle

Skill      XL: |  1  2  3  4  5  6  7  8  9 10 11 |
---------------+----------------------------------+-----
Fighting       | 4 5 6 7 9 10 12 13 | 13.6
Axes           | 4 5 6 8 9 10 12 13 | 13.6
Armour         | 3 4 5 6 7 8 9 |  9.9
Shields        | 1 4 5 7 |  7.6
Dodging        | 4 5 7 |  7.4

Action                   |  1- 3 |  4- 6 |  7- 9 | 10-12 || total
-------------------------+-------+-------+-------+-------++-------
Melee: Hand axe          |    61 |   162 |   300 |   288 ||   811
       Headbutt          |     8 |    36 |    68 |   103 ||   215
       Unarmed           |       |    25 |       |       ||    25
       Short sword       |       |       |       |   170 ||   170
Invok: Berserk           |       |     1 |     6 |    10 ||    17
       Trog's Hand       |       |     1 |     1 |     6 ||     8
       Brothers in Arms  |       |       |       |     1 ||     1
  Use: Scroll            |       |       |    16 |     1 ||    17
       Potion            |       |       |       |     5 ||     5
Armor: Animal skin       |     5 |       |       |       ||     5
       Leather armour    |    10 |    50 |       |       ||    60
       Plate armour      |       |     3 |   146 |   184 ||   333
Dodge: Dodged            |    47 |   130 |   103 |   141 ||   421
Block: Buckler           |       |       |    39 |   125 ||   164

Table legend: (Time is in decaauts)
 A = Elapsed time spent in this place.
 B = Non-inter-level travel time spent in this place.
 C = Inter-level travel time spent in this place.
 D = Time resting spent in this place.
 E = Time spent auto-exploring this place.
 F = Levels seen in this place.
 G = Mean time per level.
                   A        B        C        D        E       F      G
               +--------+--------+--------+--------+--------+-----+--------+
         Total |  10963 |  10695 |    268 |      0 |   8755 |  11 |  996.6 |
       Dungeon |  10963 |  10695 |    268 |      0 |   8755 |  11 |  996.6 |
               +--------+--------+--------+--------+--------+-----+--------+

Top non-repeatable levels by time:
     D:6: 1542 daAuts
     D:9: 1353 daAuts
    D:11: 1175 daAuts
     D:7: 1146 daAuts
     D:1: 1082 daAuts
     D:8: 1031 daAuts
     D:3: 994 daAuts
     D:2: 741 daAuts
     D:4: 696 daAuts
    D:10: 604 daAuts
     D:5: 595 daAuts
